 Dungeon Crawl Stone Soup version 0.30.0-5-g1a98f26d00 (webtiles) character file.

Game seed: 5336566069888140006

241 ChrisAssaf the Sneak (level 5, -7/41 HPs)
             Began as a Draconian Enchanter on May 8, 2023.
             Mangled by Menkaure (14 damage)
             ... on level 4 of the Dungeon.
             The game lasted 00:03:44 (661 turns).

ChrisAssaf the Sneak (Draconian Enchanter)           Turns: 661, Time: 00:03:45

Health: -7/41      AC:  5    Str: 12    XL:     5   Next: 80%
Magic:  4/8        EV: 12    Int: 15    God:
Gold:   62         SH:  0    Dex: 12    Spells: 6/8 levels left

rFire   + . .        f - +2 rapier (drain)
rCold   . . .        (no shield)
rNeg    . . .        (body armour unavailable)
rPois   .            (helmet restricted)
rElec   .            (no cloak)
rCorr   .            (no gloves)
SInv    .            (no boots)
Will    .....        (no amulet)
Stlth   ++           d - ring of protection from fire
HPRegen 0.26/turn    (no ring)
MPRegen 0.11/turn

%: no passive effects
@: no status effects
A: AC +5, unfitting armour, cold-blooded
a: no special abilities


You were on level 4 of the Dungeon.
You visited 1 branch of the dungeon, and saw 4 of its levels.

You collected 62 gold pieces.

Inventory:

Hand Weapons
 a - a +1 dagger
 f - a +2 rapier of draining (weapon)
Missiles
 g - 2 atropa-tipped darts
Jewellery
 d - a ring of protection from fire (left hand)
Scrolls
 e - a scroll of identify
 j - a scroll of teleportation
Potions
 b - a potion of invisibility
 c - a potion of attraction


   Skills:
 * Level 1.6 Fighting
 * Level 2.8 Short Blades
 * Level 1.2 Throwing
 * Level 2.4 Dodging
 * Level 3.8 Stealth
 * Level 2.4 Spellcasting
 * Level 3.3 Hexes
 + Level 0.3 Ice Magic


You had 6 spell levels left.
You knew the following spells:

 Your Spells              Type           Power      Damage    Failure   Level
a - Ensorcelled Hibernat  Hex/Ice        14%        N/A       16%         2

Your spell library contained the following spells:

 Spells                   Type           Power      Damage    Failure   Level
 Confusing Touch          Hex            11%        N/A       16%         3
 Tukima's Dance           Hex            11%        N/A       16%         3
 Dazzling Flash           Conj/Hex       12%        N/A       32%         3


Dungeon Overview and Level Annotations

Branches:
Dungeon (4/15)
 Temple: D:4-7

Altars:
Vehumet

Annotations:
D:3 Ijyb
D:4 Menkaure


Innate Abilities, Weirdness & Mutations

Your plain brown scales are hard. (AC +5)
You cannot fit into any form of body armour.
You are cold-blooded and may be slowed by cold attacks.


Message History

You are frozen.
* * * LOW HITPOINT WARNING * * *
You feel yourself slow down.
You barely miss the endoplasm.
Your tail-slap misses the endoplasm.
You feel yourself speed up. The endoplasm closely misses you.
You hit the endoplasm.
The endoplasm is almost dead.
The endoplasm freezes you.
You are frozen.
* * * LOW HITPOINT WARNING * * *
You hit the endoplasm.
You kill the endoplasm!
You start resting.
You hear the slow hiss of a distant avalanche of sand.
Aiming: Ensorcelled Hibernation (safe; 16% risk of failure)
Press: ? - help, Q - select action, (/) - cycle Shift-Dir - straight line, f - scorpion
Aim: a scorpion (chance to affect: 40%)
The scorpion looks drowsy...
The helpless scorpion fails to defend itself.
You impale the scorpion!!
You kill the scorpion!
You see here a scorpion corpse.
Menkaure, Prince of Dust comes into view.
Found a coppery potion and a potion of attraction.
Menkaure shouts!
Menkaure points at you and mumbles some strange words.
Pain shoots through your body!
* * * LOW HITPOINT WARNING * * *
An endoplasm comes into view.
Menkaure casts a spell.
Menkaure seems to speed up.
You hit Menkaure but do no damage. Menkaure hits you but does no damage.
You hit Menkaure but do no damage. You tail-slap Menkaure.
Menkaure is lightly damaged.
Menkaure completely misses you.
You barely miss Menkaure.
Menkaure is lightly damaged.
Menkaure hits you!
You die...

#...... .............##
#......
..............####.)....
................##......
................##...)..
...!............##......
...!.............#.....#
........................
.....JM@............####
.................†..# .
....................# ..
....................# ##
....................## .
....................+..#
....................##..
....................# #
.###.............##..


You could see Menkaure (fast) and an endoplasm.

Vanquished Creatures
  An ogre (D:4)
  A kobold brigand (D:4)
  A scorpion (D:4)
  A dart slug (D:3)
  7 orcs (D:3)
  5 endoplasms
  A goblin (D:4)
  2 ball pythons (D:1)
  A rat (D:1)
20 creatures vanquished.

Notes
Turn   | Place    | Note
-------+----------+-------------------------------------------
     0 | D:1      | ChrisAssaf the Draconian Enchanter began the quest for the
                  | Orb.
     0 | D:1      | Reached XP level 1. HP: 14/14 MP: 3/3
   207 | D:2      | Found a radiant altar of Vehumet.
   248 | D:3      | Noticed Ijyb
   421 | D:3      | Reached XP level 2. HP: 18/20 MP: 5/5
   432 | D:3      | Learned a level 2 spell: Ensorcelled Hibernation
   578 | D:4      | Noticed a scorpion
   579 | D:4      | Noticed an ogre
   595 | D:4      | Noticed a kobold brigand
   597 | D:4      | Killed an ogre
   598 | D:4      | Reached skill level 1 in Fighting
   598 | D:4      | Reached XP level 3. HP: 7/28 MP: 1/6
   598 | D:4      | Reached XP level 4. HP: 9/35 MP: 1/7
   605 | D:4      | Killed a kobold brigand
   606 | D:4      | Reached skill level 1 in Throwing
   606 | D:4      | Reached XP level 5. HP: 4/40 MP: 2/8
   613 | D:4      | HP: 1/40 [frozen (4)]
   653 | D:4      | Noticed Menkaure
   661 | D:4      | Mangled by Menkaure

Illustrated notes

Levels and vault maps discovered:
D:1:      erik_arrival_triangle_small, layout_rooms,
          hellmonk_ecumenical_altar_run_dry, minmay_box_of_dots
D:2:      layout_basic, basic_altar, chequers_serial_rivers_large_a, hex_large
D:3:      layout_loops_ring, uniq_ijyb
D:4:      layout_basic, nicolae_ossuary_entry_monument, minmay_bent,
          uniq_menkaure, uniq_duvessa

Skill      XL: |  1  2  3  4 |
---------------+-------------+-----
Hexes          | 3 |  3.3
Dodging        | 2 |  2.4
Stealth        | 3 |  3.8
Fighting       | 1 |  1.6
Short Blades   | 2 |  2.8
Throwing       | 1 |  1.2
Spellcasting   | |  2.4
Ice Magic      | |  0.3

Action                     |  1- 3 |  4- 6 || total
---------------------------+-------+-------++-------
  Melee: Dagger            |    10 |       ||    10
         Rapier            |    29 |    13 ||    42
         Tailslap          |     3 |     2 ||     5
         Punch             |       |     1 ||     1
   Cast: Ensorcelled Hiber |     6 |     2 ||     8
    Use: Scroll            |     1 |       ||     1
         Potion            |     3 |     2 ||     5
   Stab: Sleeping          |     4 |     1 ||     5
 Armour: Skin              |     9 |     2 ||    11
  Dodge: Dodged            |    15 |     5 ||    20
